 Dungeon Crawl Stone Soup version 0.27.1-33-g824d729ab1 (webtiles) character file.

Game seed: 8627145100480247171

39 dianekeaton the Skirmisher (level 3, -5/34 HPs)
             Began as a Minotaur Berserker on Dec 5, 2021.
             Was a Believer of Trog.
             Succumbed to a goblin's poison
             ... on level 2 of the Dungeon.
             The game lasted 00:05:12 (1577 turns).

dianekeaton the Skirmisher (Minotaur Berserker)     Turns: 1577, Time: 00:05:13

Health: -5/34      AC:  2    Str: 22    XL:     3   Next: 28%
Magic:  2/2        EV: 12    Int:  4    God:    Trog [**....]
Gold:   68         SH:  0    Dex:  9    Spells: 2/2 levels left

rFire    . . .     SeeInvis .   a - +0 mace
rCold    . . .     Faith    .   (no shield)
rNeg     . . .     Spirit   .   b - +0 animal skin
rPois    .         Reflect  .   (helmet restricted)
rElec    .         Harm     .   (no cloak)
rCorr    .         Rampage  .   (no gloves)
Will     ++...                  (no boots)
Stlth    +.........             (no amulet)
HPRegen  1.11/turn              (no ring)
MPRegen  0.08/turn              (no ring)

@: lethally poisoned (-5 -> -29), strong-willed, regenerating
A: horns 2, retaliatory headbutt
a: Renounce Religion, Berserk, Trog's Hand


You were on level 2 of the Dungeon.
You worshipped Trog.
Trog was pleased with you.
You visited 1 branch of the dungeon, and saw 2 of its levels.

You collected 68 gold pieces.

Inventory:

Hand Weapons
 a - a +0 mace (weapon)
Armour
 b - a +0 animal skin (worn)
Scrolls
 d - a scroll of silence {unknown}
 e - 3 scrolls of identify {unknown}
 f - a scroll of acquirement {unknown}


   Skills:
 * Level 4.7 Fighting
 + Level 4.1 Maces & Flails
 + Level 2.6 Armour
 + Level 2.4 Dodging


You had 2 spell levels left.
You didn't know any spells.
Your spell library contained the following spells:

 Spells                   Type           Power      Damage    Failure   Level
 Animate Skeleton         Necr           0%         N/A       50%         1
 Apportation              Tloc           0%         N/A       50%         1
 Corona                   Hex            0%         N/A       50%         1
 Summon Small Mammal      Summ           0%         N/A       50%         1
 Passage of Golubria      Tloc           N/A        N/A       99%         4
 Silence                  Hex/Air        0%         N/A       100%        5
 Lehudib's Crystal Spear  Conj/Erth      0%         10d2      100%        8


Dungeon Overview and Level Annotations

Branches:
Dungeon (2/15)

Altars:


Innate Abilities, Weirdness & Mutations

You have a pair of horns on your head.
You reflexively headbutt those who attack you in melee.


Message History

You see here a book of Cantrips.
You pick up a book of Cantrips and begin reading...
You add the spells Corona, Animate Skeleton, Summon Small Mammal and Apportation to your library.
Found an escape hatch in the ceiling.
A giant cockroach comes into view.
The giant cockroach barely misses you.
You barely miss the giant cockroach. The giant cockroach closely misses you.
You furiously retaliate!
You headbutt the giant cockroach, but do no damage.
You hit the giant cockroach.
You kill the giant cockroach!
Trog accepts your kill.
You see here a giant cockroach corpse.
A goblin comes into view. It is wielding a +2 dagger of venom.
The goblin shouts!
The goblin hits you with a +2 dagger of venom.
You are poisoned.
You closely miss the goblin.
You feel sick.
The goblin hits you with a +2 dagger of venom.
You are more poisoned.
You closely miss the goblin. Your headbutt misses the goblin.
You feel very sick.
A quokka comes into view.
The goblin closely misses you.
The goblin hits you with a +2 dagger of venom.
You are lethally poisoned!
You barely miss the goblin.
You feel very sick.
The goblin hits you with a +2 dagger of venom.
You are more poisoned.
As you read the scroll labelled QIOSOEX ENNASCH, it crumbles to dust.
The scroll dissolves into smoke.
It was a scroll of fog.
* * * LOW HITPOINT WARNING * * *
You feel very sick.
The goblin hits you with a +2 dagger of venom.
* * * LOW HITPOINT WARNING * * *
You are more poisoned.
Your skin crawls.
You feel strong-willed.
You die...

#.........#
###.###.#####
... #.#
##.###.#
#.....#
##.#### #§#
#§# #@# #g#
#r# #§# #.#
... #.. ###


You could see a quokka and a goblin.

Vanquished Creatures
  4 endoplasms
  2 giant cockroaches
  2 goblins (D:1)
  6 hobgoblins
  3 kobolds
  3 quokkas
  6 ball pythons
  A bat (D:1)
  3 frilled lizards
  6 rats
36 creatures vanquished.

Notes
Turn   | Place    | Note
-------+----------+-------------------------------------------
     0 | D:1      | dianekeaton the Minotaur Berserker began the quest for the
                  | Orb.
     0 | D:1      | Reached XP level 1. HP: 19/19 MP: 0/0
   297 | D:1      | Reached XP level 2. HP: 22/27 MP: 1/1
   896 | D:1      | Found a faded altar of an unknown god.
  1172 | D:2      | Reached ** piety under Trog
  1184 | D:2      | Reached XP level 3. HP: 34/34 MP: 2/2
  1577 | D:2      | Succumbed to a goblin's poison

Illustrated notes

Levels and vault maps discovered:
D:1:      psy_arrival_radial02, layout_basic, hellmonk_ecumenical_altar_run_dry
D:2:      layout_loops_ring

Skill      XL: |  1  2 |
---------------+-------+-----
Fighting       | 4 |  4.7
Maces & Flails | 4 |  4.1
Armour         | |  2.6
Dodging        | |  2.4

Action                   || total
-------------------------++-------
Melee: Mace              ||    65
       Headbutt          ||     9
Invok: Trog's Hand       ||     1
  Use: Scroll            ||     1
Armor: Animal skin       ||     5
Dodge: Dodged            ||    47
